 Dungeon Crawl Stone Soup version 0.32-a0-675-gdc239d62e1 (webtiles) character file.

Game seed: 14007769006289666515

53 Griffin23 the Covered (level 3, -1/33 HPs)
             Began as a Minotaur Fighter on Mar 11, 2024.
             Slain by an adder (2 damage)
             ... on level 2 of the Dungeon.
             The game lasted 00:01:30 (798 turns).

Griffin23 the Covered (Minotaur Fighter)             Turns: 798, Time: 00:01:31

Health: -1/33      AC:  7    Str: 22    XL:     3   Next: 64%
Magic:  2/2        EV:  9    Int:  5    God:
Gold:   30         SH:  4    Dex:  9    Spells: 2/2 levels left

rFire   . . .        a - +0 long sword
rCold   . . .        c - +0 buckler
rNeg    . . .        b - +0 scale mail
rPois   .            (helmet restricted)
rElec   .            (no cloak)
rCorr   .            (no gloves)
SInv    .            (no boots)
Will    .....        (no amulet) Stlth
                     (no ring)
HPRegen 0.25/turn    (no ring)
MPRegen 0.08/turn

%: no passive effects
@: no status effects
A: horns 2, retaliatory headbutt
a: no special abilities


You were on level 2 of the Dungeon.
You visited 1 branch of the dungeon, and saw 2 of its levels.

You collected 30 gold pieces.

Inventory:

Hand Weapons
 a - a +0 long sword (weapon)
Armour
 b - a +0 scale mail (worn)
 c - a +0 buckler (worn)
Scrolls
 e - 2 scrolls of teleportation {unknown}
 f - a scroll of identify {unknown}
 g - a scroll of poison {unknown}
Potions
 d - a potion of might


   Skills:
 * Level 4.2 Fighting
 * Level 3.2 Long Blades
 * Level 4.4 Armour
 * Level 4.0 Shields


You had 2 spell levels left.
You didn't know any spells.
Your spell library was empty.

Dungeon Overview and Level Annotations

Branches:
Dungeon (2/15)

Altars:


Innate Abilities, Weirdness & Mutations

You have a pair of horns on your head.
You reflexively headbutt those who attack you in melee.


Message History

You miss the adder.
The adder is moderately wounded.
You feel very sick. The adder bites you but does no damage.
You block the adder's attack.
There are monsters nearby!
You closely miss the adder.
The adder is moderately wounded.
You feel sick. The adder closely misses you. You block the kobold's attack.
The adder bites you but does no damage. You block the kobold's attack.
There are monsters nearby!
You barely miss the adder.
The adder is moderately wounded.
You feel sick. The adder bites you but does no damage.
The kobold barely misses you.
There are monsters nearby!
There are monsters nearby!
You closely miss the adder.
The adder is moderately wounded.
You feel sick. The adder bites you.
You are more poisoned.
The adder poisons you!
The kobold hits you with a +0 short sword.
The adder bites you but does no damage.
You feel sick. The kobold attacks as it pursues you!
The kobold completely misses you.
You feel sick. The adder bites you but does no damage.
You feel sick.
You feel sick. The adder attacks as it pursues you!
The adder barely misses you.
You feel sick. The adder attacks as it pursues you!
The adder bites you but does no damage.
You feel sick. The adder barely misses you.
You feel sick.
You feel sick.
You are no longer poisoned.
The adder attacks as it pursues you! The adder closely misses you.
The adder attacks as it pursues you! The adder bites you.
* * * LOW HITPOINT WARNING * * *
The adder bites you.
You die...

###.##.......#
#.....#...........
#......#.###.#
##.####...........
.(.....#.....####.#
#........... ......
####....##.# #...........
......###.....###†#
##...#######
#.....).....#####†#####.###
####..)#<.........##....#
#......##.#######..K.####
#...............@S.###
#.....###.###.##.### ..(...
....#.##.### ......
..#..[.....#### ......
..##.>........#
####[..).....# #.........#
#.........# #.........#


You could see an adder and a kobold.

Vanquished Creatures
  2 adders (D:2)
  2 ball pythons
  2 endoplasms
  2 giant cockroaches
  A goblin (D:2)
  3 hobgoblins
  2 jackals (D:2)
  A quokka (D:1)
  3 bats (D:1)
  11 kobolds
  3 rats (D:1)
32 creatures vanquished.

Notes
Turn   | Place    | Note
-------+----------+-------------------------------------------
     0 | D:1      | Griffin23 the Minotaur Fighter began the quest for the Orb.
     0 | D:1      | Reached XP level 1. HP: 19/19 MP: 0/0
    74 | D:1      | Found a faded altar of an unknown god.
   258 | D:1      | Reached XP level 2. HP: 22/27 MP: 1/1
   632 | D:2      | Reached XP level 3. HP: 33/33 MP: 2/2
   798 | D:2      | HP: 1/33 [adder (2)]
   798 | D:2      | Slain by an adder

Illustrated notes

Levels and vault maps discovered:
D:1:      psy_arrival_dodecagon, layout_basic,
          ebering_ecumenical_altar_sacrificial
D:2:      layout_basic, grunt_decor_fettered

Skill      XL: |  1  2  3 |
---------------+----------+-----
Fighting       | 4 |  4.2
Armour         | 4 |  4.4
Long Blades    | 3 |  3.2
Shields        | 4 |  4.0

Action                     || total
---------------------------++-------
  Melee: Long sword        ||    71
         Headbutt          ||     7
 Armour: Scale mail        ||    67
  Dodge: Dodged            ||    41
  Block: Buckler           ||    24

Table legend: (Time is in decaauts)
 A = Elapsed time spent in this place.
 B = Non-inter-level travel time spent in this place.
 C = Inter-level travel time spent in this place.
 D = Time resting spent in this place.
 E = Time spent auto-exploring this place.
 F = Levels seen in this place.
 G = Mean time per level.
                   A        B        C        D        E       F      G
               +--------+--------+--------+--------+--------+-----+--------+
         Total |    819 |    806 |     13 |      0 |    625 |   2 |  409.5 |
       Dungeon |    819 |    806 |     13 |      0 |    625 |   2 |  409.5 |
               +--------+--------+--------+--------+--------+-----+--------+

Top non-repeatable levels by time:
     D:1: 640 daAuts
     D:2: 179 daAuts
